Get step-by-step instructions on how to execute this build order below. Start the game timer, and the build order will tick by so you can play in parallel with StarCraft on a second screen or mobile device.

Game Time

  0:00

Last Step

  N/A

Next Step

Upcoming Step



Don't want to look back and forth between 2 screens? Try out our Overwolf App, the Spawning Tool Build Advisor to get an in-game overlay with this build!

Complete Build Order

  12  0:02  Drone  
  13  0:13  Drone  
  14  0:24  Overlord  
  14  0:46  Drone  
  14  0:47  Drone x2  
  17  0:58  Extractor  
  17  0:59  Drone  
  17  1:12  Drone  
  18  1:20  Spawning Pool  
  18  1:22  Drone  
  18  1:23  Extractor  
  18  1:25  Hatchery  
  17  1:46  Drone x2  
  19  1:51  Overlord  
  20  2:08  Drone  
  20  2:20  Drone  
  21  2:24  Drone  
  21  2:26  Metabolic Boost  
  21  2:29  Queen  
  24  2:31  Extractor  
  23  2:37  Queen  
  23  2:38  Drone  
  26  2:45  Drone x2  
  26  2:48  Zergling x2, Extractor  
  28  2:55  Drone  
  29  3:05  Zergling x2  
  30  3:22  Drone x2  
  30  3:25  Lair  
  32  3:27  Baneling Nest  
  32  3:30  Zergling x6  
  34  3:44  Queen  
  36  3:51  Hatchery  
  35  4:02  Drone  
  36  4:03  Overlord  
  36  4:04  Overlord  
  36  4:14  Baneling x3  
  36  4:15  Baneling  
  35  4:21  Burrow, Overlord  
  35  4:28  Pneumatized Carapace  
  35  4:38  Centrifugal Hooks  
  35  4:40  Zergling x2  
  35  4:41  Zergling x8  
  40  4:47  Zergling x6, Overlord  
  43  4:56  Zergling x6  
  43  4:59  Drone x2  
  48  5:04  Baneling x3  
  48  5:05  Baneling  
  44  5:29  Drone x3  
  44  5:30  Drone x7  
  54  5:43  Infestation Pit  
  54  5:44  Spore Crawler  
  54  5:45  Spore Crawler  
  54  5:47  Spore Crawler  
  50  6:01  Nydus Network  
  49  6:06  Extractor  
  49  6:07  Drone x5  
  49  6:10  Drone  
  54  6:13  Overseer  
  52  6:45  Baneling x6  
  52  6:46  Baneling  
  52  6:56  Nydus Canal  
  52  7:04  Drone x3  
  52  7:08  Zergling x24  
  60  7:09  Zergling x12  
  73  7:31  Nydus Canal  
  62  7:53  Nydus Canal  
  62  7:55  Zergling x2  
  62  7:56  Zergling x22  
  73  8:06  Queen  
  73  8:07  Queen  
  72  8:16  Nydus Canal  
  68  8:33  Nydus Canal